 Dungeon Crawl Stone Soup version 0.29.1-1-gd02db69 (webtiles) character file.

Game seed: 16076122116491983040

15925 Dorkslayer the Cleaver (level 12, 0/106 HPs)
             Began as a Hill Orc Fighter on Oct 18, 2022.
             Was an Initiate of Gozag.
             Slain by Klapaucius's ghost (14 damage)
             ... on level 11 of the Dungeon.
             The game lasted 00:31:19 (11453 turns).

Dorkslayer the Cleaver (Hill Orc Fighter)          Turns: 11453, Time: 00:31:19

Health: 0/106      AC: 22    Str: 22    XL:     12   Next: 32%
Magic:  21/21      EV:  8    Int:  8    God:    Gozag
Gold:   1800       SH:  6    Dex: 12    Spells: 11/11 levels left

rFire   + . .      SeeInvis +   K - +4 war axe (flame)
rCold   . . .      Faith    .   c - +0 buckler
rNeg    . . .      Spirit   .   d - +3 plate armour
rPois   .          Reflect  .   l - +2 helmet {SInv}
rElec   .          Harm     .   (no cloak)
rCorr   .          Rampage  .   a - +0 pair of gloves
Will    .....                   (no boots)
Stlth   ..........              v - amulet of the acrobat
HPRegen 0.27/turn               p - ring of protection from fire
MPRegen 0.17/turn               b - ring of magical power

@: lethally poisoned (0 -> -9), about to teleport
A: no striking features
a: Renounce Religion, Potion Petition, Call Merchant, Bribe Branch


You were on level 11 of the Dungeon.
You worshipped Gozag.
Gozag was most pleased with you.
You visited 2 branches of the dungeon, and saw 12 of its levels.
You also visited: Sewer.

You collected 1945 gold pieces.
You paid 145 gold pieces to Gozag.

Inventory:

Hand Weapons
 h - a +3 morningstar of freezing
 K - a +4 war axe of flaming (weapon)
Missiles
 f - 6 boomerangs (quivered)
 I - a curare-tipped dart
Armour
 a - a +0 pair of gloves (worn)
 c - a +0 buckler (worn)
 d - a +3 plate armour (worn)
 l - a +2 helmet of see invisible (worn)
Jewellery
 b - a ring of magical power (right hand)
 p - a ring of protection from fire (left hand)
 v - an amulet of the acrobat (around neck)
Wands
 o - a wand of flame (3)
 G - a wand of iceblast (7)
 H - a wand of polymorph (8)
Scrolls
 e - 5 scrolls of teleportation
 q - 2 scrolls of poison {unknown}
 u - 3 scrolls of amnesia
 x - 2 scrolls of butterflies {unknown}
 y - 2 scrolls of blinking {unknown}
 A - 2 scrolls of enchant armour
 D - 5 scrolls of immolation {unknown}
 E - 4 scrolls of silence
Potions
 g - 2 potions of flight {unknown}
 j - 3 potions of cancellation
 k - 6 potions of brilliance
 m - 3 potions of berserk rage
 r - 2 potions of curing
 t - a potion of resistance
 F - a potion of magic


   Skills:
 * Level 10.2 Fighting
 + Level 10.8(12.5) Axes
 + Level 8.4(10.2) Maces & Flails
 + Level 1.5 Throwing
 * Level 9.7 Armour
 * Level 4.5 Dodging
 + Level 1.0 Stealth
 * Level 7.7 Shields
 * Level 7.7 Evocations


You had 11 spell levels left.
You didn't know any spells.
Your spell library contained the following spells:

 Spells                   Type           Power      Damage    Failure   Level
 Apportation              Tloc           0%         N/A       100%        1
 Necrotise                Necr           0%         1d4       100%        1
 Sting                    Tmut/Pois      0%         1d3       100%        1
 Summon Small Mammal      Summ           0%         N/A       100%        1
 Ensorcelled Hibernation  Hex/Ice        0%         N/A       100%        2
 Passwall                 Tmut/Erth      0%         N/A       100%        2
 Poisonous Vapours        Pois/Air       0%         N/A       100%        2
 Confusing Touch          Hex            0%         N/A       100%        3
 Ignite Poison            Fire/Tmut/Pois 0%         N/A       100%        3
 Mephitic Cloud           Conj/Pois/Air  0%         N/A       100%        3
 Swiftness                Air            0%         N/A       100%        3
 Olgreb's Toxic Radiance  Pois           0%         N/A       100%        4
 Freezing Cloud           Conj/Ice/Air   0%         6-21      100%        5
 Yara's Violent Unravell  Hex/Tmut       0%         3d3       100%        5
 Enfeeble                 Hex            0%         N/A       100%        7


Dungeon Overview and Level Annotations

Branches:
Dungeon (11/15)            Temple (1/1) D:7            Lair (0/5) D:8
    Orc (0/2) D:11          Sewer (visited)

Altars:
Ashenzari
Cheibriados
Dithmenos
Elyvilon
Fedhas
Gozag
Hepliaklqana
Kikubaaqudgha
Nemelex Xobeh
Okawaru
Qazlal
Sif Muna
Trog
Uskayaw
Vehumet
Wu Jian
Xom
Zin
The Shining One
Beogh

Portals:
Trove: D:11 (give +3 fire dragon scales)

Annotations:
D:11 Klapaucius's ghost, journeyman GnCK


Message History

Aim: Klapaucius's ghost, wielding a weapon of venom (lightly damaged, covering ground quickly, 67% to hit)
The puff of flame misses the ice beast.
The puff of flame hits Klapaucius's ghost.
Klapaucius's ghost resists.
Klapaucius's ghost is lightly damaged.
Klapaucius's ghost is no longer distracted by gold.
You feel sick.
The white imp laughs crazily.
You closely miss the white imp.
The white imp is moderately wounded.
You feel sick.
The ice beast is no longer distracted by gold.
You block the white imp's attack.
You hit the white imp. You burn the white imp.
The white imp is severely wounded.
You feel sick.
You are no longer poisoned.
The white imp hits you but does no damage.
The white imp attacks as you move away!
The white imp hits you but does no damage.
Klapaucius's ghost attacks as you move away!
Klapaucius's ghost hits you!
* * * LOW HITPOINT WARNING * * *
You are lethally poisoned!
* * * LOW HITPOINT WARNING * * *
You feel extremely sick.
Klapaucius's ghost is no longer moving quickly.
Klapaucius's ghost gestures wildly while chanting.
Klapaucius's ghost puts on a burst of speed!
Okay, then.
You feel better.
Klapaucius's ghost hits you but does no damage.
You are poisoned.
Unknown command.
As you read the scroll of teleportation, it crumbles to dust.
You feel strangely unstable.
You feel very sick. Klapaucius's ghost hits you!
You die...
Your body crumbles into a pile of gold.

#....'$..#!.=...#.........###
#
#....'...##!....#...........#
#
#..$.#$...#.....##........#.#
#
#....#....##.....#........#.##
#
#....##....###...#.#.######..#
# ###...##......!.##.#.#
##.#### ###..###..... #....#
#.##.. ##...##### ##...##
#.##.# ###Z.Y..###@.### #...>#
#####YY5W.## #.#### #######
#.#... #.#.## #...# #####


You could see 2 ice beasts, Klapaucius's ghost (swift) and a white imp.

Vanquished Creatures
  Fannar (D:11)
  A boulder beetle (D:11)
  3 two-headed ogres (D:11)
  Nergalle (D:11)
  The ghost of mattm the Destroyer, a novice OpVM of Hepliaklqana (D:8)
  An orc knight (D:11)
  A necromancer (D:9)
  3 cyclopes (D:11)
  2 komodo dragons
  5 trolls
  A polar bear (shapeshifter) (D:11)
  A centaur simulacrum (D:11)
  4 shadows
  2 wraiths (D:11)
  7 yaks
  A steam dragon (D:8)
  2 vampire mosquitoes (D:11)
  Edmund (D:4)
  A warg (D:8)
  3 water moccasins
  6 orc warriors
  2 two-headed ogre zombies (D:11)
  A sky beast (D:8)
  4 ice beasts
  A black bear (D:6)
  4 ogres
  8 centaurs
  3 phantoms
  3 kobold brigands
  3 bullfrogs
  2 gnoll sergeants
  5 scorpions
  A necrophage (D:7)
  3 wights (D:7)
  5 killer bees (D:8)
  3 howler monkeys
  A jelly (D:5)
  6 orc priests
  2 gnoll boudas (D:5)
  3 hounds
  3 iguanas
  7 orc wizards
  6 ogre zombies (D:11)
  17 adders
  14 gnolls
  2 river rats (Sewer)
  A shadow imp (D:6)
  5 white imps
  2 ufetubi
  2 worms (D:2)
  2 dart slugs
  36 orcs
  23 ball pythons
  7 endoplasms
  3 giant cockroaches
  3 goblins
  6 hobgoblins
  4 jackals (D:1)
  13 kobolds
  4 quokkas
  5 bats
  5 frilled lizards
  3 goblin skeletons (D:11)
  4 goblin zombies (D:11)
  3 hobgoblin zombies (D:11)
  An orc skeleton (D:11)
  14 orc zombies (D:11)
  22 rats
325 creatures vanquished.

Vanquished Creatures (others)
  2 gnolls (D:5)
  4 fungi (D:8)
  4 plants
10 creatures vanquished.

Grand Total: 335 creatures vanquished

Notes
Turn   | Place    | Note
-------+----------+-------------------------------------------
     0 | D:1      | Dorkslayer the Hill Orc Fighter began the quest for the
                  | Orb.
     0 | D:1      | Reached XP level 1. HP: 19/19 MP: 1/1
    52 | D:1      | Reached XP level 2. HP: 24/27 MP: 2/2
   170 | D:1      | You fall into a shaft and drop 1 floor!
   314 | D:1      | Reached XP level 3. HP: 16/33 MP: 3/3
   852 | D:2      | Reached skill level 1 in Dodging
  1260 | D:2      | Reached XP level 4. HP: 37/40 MP: 4/4
  1290 | D:2      | Found a faded altar of an unknown god.
  1581 | D:3      | Found a shadowy altar of Dithmenos.
  1739 | D:3      | Reached XP level 5. HP: 19/46 MP: 5/5
  2041 | D:3      | Found a white marble altar of Elyvilon.
  2120 | D:3      | Found a glowing silver altar of Zin.
  2155 | D:4      | Found a hide-covered altar of Uskayaw.
  2184 | D:4      | Noticed Edmund
  2201 | D:4      | Killed Edmund
  2202 | D:4      | Reached skill level 5 in Axes
  2202 | D:4      | Reached skill level 1 in Evocations
  2202 | D:4      | Reached XP level 6. HP: 23/53 MP: 6/6
  2794 | D:4      | Found a snail-covered altar of Cheibriados.
  2801 | D:4      | Reached skill level 5 in Fighting
  2801 | D:4      | Reached XP level 7. HP: 61/61 MP: 7/7
  3167 | D:5      | Entered Level 5 of the Dungeon
  3450 | D:5      | Found an iron altar of Okawaru.
  3463 | D:5      | Identified the +7 mace of Meager Expedience {protect,
                  | Fragile Fly rC- Str+9}
  3539 | D:5      | Reached skill level 1 in Maces & Flails
  3669 | D:5      | Reached XP level 8. HP: 64/70 MP: 8/8
  3705 | D:5      | Reached skill level 5 in Armour
  4119 | D:6      | Found a glowing drain.
  4146 | Sewer    | Entered a sewer
  4622 | D:6      | Found a bloodstained altar of Trog.
  4636 | D:6      | Reached XP level 9. HP: 60/79 MP: 9/9
  4896 | D:6      | Reached skill level 5 in Maces & Flails
  5001 | D:6      | Reached skill level 5 in Shields
  5302 | D:6      | Reached skill level 5 in Evocations
  5452 | D:6      | Found an ancient bone altar of Kikubaaqudgha.
  5608 | D:7      | Reached skill level 1 in Throwing
  5655 | D:7      | Noticed Maggie
  5663 | D:7      | Noticed Maggie
  5663 | D:7      | Maggie changed into Maggie the centaur
  5668 | D:7      | Killed Maggie the centaur
  6284 | D:7      | Found a staircase to the Ecumenical Temple.
  6291 | Temple   | Entered the Ecumenical Temple
  6352 | Temple   | Became a worshipper of Gozag Ym Sagoz the Greedy
  6397 | D:7      | Reached XP level 10. HP: 87/88 MP: 10/10
  6703 | D:8      | Found a hazy altar of Hepliaklqana.
  6735 | D:8      | Noticed a kobold demonologist
  6877 | D:8      | Found a staircase to the Lair.
  6971 | D:8      | Found a runed translucent gate.
  6972 | D:8      | Noticed mattm's ghost (novice OpVM)
  6973 | D:8      | Found a runed translucent gate.
  6979 | D:8      | Found a runed translucent gate.
  6985 | D:8      | Found a roughly hewn altar of Beogh.
  7013 | D:8      | Killed mattm's ghost
  7825 | D:9      | Found a blossoming altar of Fedhas.
  7924 | D:9      | Noticed a necromancer
  7930 | D:9      | Noticed a two-headed ogre
  7938 | D:9      | Killed a necromancer
  8604 | D:10     | Entered Level 10 of the Dungeon
  8630 | D:10     | Reached XP level 11. HP: 58/95 MP: 11/11
  9376 | D:10     | Found a stormy altar of Qazlal.
  9481 | D:11     | Noticed Fannar
  9509 | D:11     | Killed Fannar
  9739 | D:11     | Noticed Nergalle
  9750 | D:11     | Killed Nergalle
  9792 | D:11     | Found a staircase to the Orcish Mines.
  9967 | D:11     | Noticed a two-headed ogre
  9973 | D:11     | Killed a two-headed ogre
 10040 | D:11     | Noticed a two-headed ogre
 10050 | D:11     | Killed a two-headed ogre
 10197 | D:11     | Noticed a cyclops
 10201 | D:11     | Noticed a harpy
 10205 | D:11     | Killed a cyclops
 10206 | D:11     | Reached skill level 10 in Axes
 10210 | D:11     | Noticed a cyclops
 10229 | D:11     | Killed a cyclops
 10230 | D:11     | Reached skill level 10 in Fighting
 10230 | D:11     | Reached XP level 12. HP: 19/106 MP: 12/12
 10250 | D:11     | Reached skill level 1 in Stealth
 10674 | D:11     | Noticed a two-headed ogre
 10682 | D:11     | Killed a two-headed ogre
 10830 | D:11     | Found a portal to a secret trove of treasure.
 10834 | D:11     | Found a runed translucent gate.
 10835 | D:11     | Found a runed translucent gate.
 10836 | D:11     | Found a runed translucent gate.
 10864 | D:11     | Noticed Klapaucius's ghost (journeyman GnCK)
 10956 | D:11     | Noticed a boulder beetle
 10970 | D:11     | Killed a boulder beetle
 11451 | D:11     | HP: 5/106 [poisoned by Klapaucius's ghost]
 11453 | D:11     | Slain by Klapaucius's ghost

Illustrated notes

Levels and vault maps discovered:
D:1:      lightli_arrival_flooded_house, layout_rooms,
          hangedman_abyss_or_decor_lesser_grid
D:2:      layout_basic, shapermc_ecumenical_altar_acropolis, minmay_pentomino_o2
D:3:      layout_rooms, grunt_dithmenos_smoke_and_mirrors, elyvilon_altar_3,
          zin_statuary
D:4:      layout_gridville, mainiacjoe_overflow_alcove_1, lemuel_tele_altar,
          uniq_edmund
D:5:      minmay_opposing_rooms, layout_rooms, mainiacjoe_overflow_tiny_flanked
D:6:      layout_loops_ring, kennysheep_little_box,
          mainiacjoe_overflow_brackets, gup_sewer_entry_glass
D:7:      layout_basic, minmay_temple_entry_drinking_statues, uniq_maggie
D:8:      layout_basic, lemuel_doored_altar, dpeg_oklobed_lair,
          biasface_ghost_orc_armoury, onia_ninara_dug_in_and_dangerous
D:9:      layout_small_grid, nicolae_overflow_hidden_temple, minmay_librarian
D:10:     layout_rooms, overflow_temple_1_default
D:11:     cheibrodos_barr_body, layout_basic, zombieorc2_lemuel, enter_trove_1,
          gammafunk_ghost_icy, uniq_fannar, uniq_nergalle
Temple:   jpeg_temple_clearing

Skill      XL: |  1  2  3  4  5  6  7  8  9 10 11 12 |
---------------+-------------------------------------+-----
Axes           | 3 4 5 6 7 8 10 | 10.8
Dodging        | 1 2 4 |  4.5
Fighting       | 4 5 6 7 8 10 | 10.2
Armour         | 4 5 6 7 9 |  9.7
Evocations     | 1 2 4 5 6 7 |  7.7
Shields        | 4 5 6 7 |  7.7
Maces & Flails | 1 4 7 8 |  8.4
Throwing       | 1 |  1.5
Stealth        | 1 |  1.0

Action                   |  1- 3 |  4- 6 |  7- 9 | 10-12 || total
-------------------------+-------+-------+-------+-------++-------
Melee: War axe           |   120 |    89 |    53 |   228 ||   490
       Mace              |       |       |   299 |   144 ||   443
Throw: Boomerang         |       |       |    23 |     5 ||    28
       Dart              |       |       |       |     2 ||     2
Evoke: Wand              |       |       |     7 |    17 ||    24
  Use: Scroll            |       |     4 |    12 |     9 ||    25
       Potion            |       |     3 |     1 |    11 ||    15
 Stab: Distracted        |       |       |       |     3 ||     3
       Invisible         |       |       |       |     1 ||     1
Armor: Scale mail        |    68 |       |       |       ||    68
       Plate armour      |       |    54 |   344 |   192 ||   590
Dodge: Dodged            |    71 |    30 |   271 |   172 ||   544
Block: Buckler           |    41 |    21 |   134 |   115 ||   311
